 Dungeon Crawl Stone Soup version 0.20.1-1-g8b1a95d (webtiles) character file.

14549 Atash the Severer (level 11, -2/104 HPs)
             Began as a Minotaur Berserker on Oct 15, 2017.
             Was a High Priest of Trog.
             Slain by a 12-headed hydra (7 damage)
             ... on level 3 of the Lair of Beasts.
             The game lasted 00:21:08 (11133 turns).

Atash the Severer (Minotaur Berserker)             Turns: 11133, Time: 00:21:09

Health: -2/104     AC: 17    Str: 22    XL:     11   Next: 90%
Magic:  10/10      EV:  8    Int:  4    God:    Trog [*****.]
Gold:   852        SH:  0    Dex: 13    Spells: 10/10 levels left

rFire    + + .     SeeInvis .   M - +6 broad axe of the Crypt {chop, rF+}
rCold    . . .     Gourm    .   (no shield)
rNeg     . . .     Faith    .   I - +0 plate armour
rPois    .         Spirit   .   (helmet restricted)
rElec    .         Reflect  .   (no cloak)
rCorr    .         Harm     .   r - +1 pair of gloves
MR       .....                  (no boots)
Stlth    ..........             (no amulet)
Regen    0.3/turn               h - ring of protection from fire
MPRegen  0.2/turn               q - ring of flight

@: berserk cooldown, slowed, very slow
A: retaliatory headbutt, horns 2
a: Berserk, Trog's Hand, Brothers in Arms, Burn Spellbooks, Renounce Religion,
Evoke Flight


You were on level 3 of the Lair of Beasts.
You worshipped Trog.
Trog was extremely pleased with you.
You were very hungry.

You visited 2 branches of the dungeon, and saw 12 of its levels.
You also visited: Ossuary.

You collected 852 gold pieces.

Inventory:

Hand Weapons
 a - a +0 hand axe
 A - a +7 battleaxe
 M - the +6 broad axe of the Crypt (weapon) {chop, rF+}
   (Trog gifted it to you on level 1 of the Lair of Beasts)

   It inflicts extra damage upon your enemies.
   It protects you from fire.
Armour
 r - a +1 pair of gloves (worn)
 w - a +0 ring mail
 I - a +0 plate armour (worn)
Jewellery
 h - a ring of protection from fire (left hand)
 q - a ring of flight (right hand)
 y - an uncursed amulet of harm {unknown}
 C - an uncursed ring of poison resistance {unknown}
Wands
 m - a wand of random effects (18/48)
 o - a wand of lightning (6/15)
 G - a wand of flame (30/48)
 O - a wand of disintegration (17/24)
Scrolls
 d - 15 scrolls of identify
 e - 3 scrolls of amnesia
 g - 2 scrolls of enchant armour
 i - 3 scrolls of enchant weapon
 k - 14 scrolls of remove curse
 n - a scroll of fog {unknown}
 p - 2 scrolls of magic mapping {unknown}
 u - 4 scrolls of immolation {unknown}
 B - a scroll of noise {unknown}
 H - 4 scrolls of teleportation {unknown}
 K - 2 scrolls of fear {unknown}
 N - a scroll of blinking
Potions
 b - 2 potions of haste {unknown}
 j - 3 potions of might {unknown}
 s - 4 potions of mutation {unknown}
 t - 8 potions of curing
 v - 2 potions of flight {unknown}
 x - 2 potions of degeneration {unknown}
 D - 2 potions of cancellation {unknown}
 E - a potion of brilliance {unknown}
 F - a potion of ambrosia {unknown}
 J - 2 potions of lignification {unknown}
Comestibles
 c - 9 bread rations
 f - 5 meat rations
 l - 5 royal jellies
 z - 5 fruits
 L - 15 chunks of flesh


   Skills:
 + Level 12.1 Fighting
 * Level 15.8 Axes
 + Level 11.5 Armour
 - Level 2.1 Dodging


You had 10 spell levels left.
You didn't know any spells.

Dungeon Overview and Level Annotations

Branches:
Dungeon (9/15)             Temple (0/1) D:6            Lair (3/6) D:9
  Snake (0/4) Lair:3          Orc (0/2) D:9
  Swamp: Lair:2-4    Shoals: Lair:2-4

Altars:
Cheibriados
Dithmenos
Makhleb
Qazlal
Ru
Sif Muna
Xom
Zin

Shops:
D:5 [   D:6 [   D:9 }

Portals:
Ice
Cave: Lair:3


Innate Abilities, Weirdness & Mutations

You reflexively headbutt those who attack you in melee.
You have a pair of horns on your head.


Message History

You slice one of the 11-headed hydra's heads off!
The ten-headed hydra grows two more!
You slash the 12-headed hydra!
Your headbutt misses the 12-headed hydra.
The 12-headed hydra is severely wounded.
The white imp gestures at you. The puff of frost misses you.
You feel a strong urge to attack something.
You are too berserk!
You feel your anger subside.
You are no longer berserk.
You are exhausted.
You feel yourself slow down.
Your iron troll goes berserk!
You feel quite a bit more hungry.
The 12-headed hydra bites you but does no damage.
The 12-headed hydra barely misses you.
The 12-headed hydra bites you but does no damage. x3
The 12-headed hydra bites you!
* * * LOW HITPOINT WARNING * * *
The 12-headed hydra barely misses you. The 12-headed hydra bites you!
You die...

.P........
..............................
..$........>..................
..............................
..............................
.∩.....5..............).......
............T.................
........l........)............
#..........D@...............#
###.........................#
###....................####
####.##..............#
#.##...........#.##
###..........#####
#P.........P# #...#P......#
######......#


You could see a 12-headed hydra, a komodo dragon, a white imp and a friendly
iron troll (berserk).

Vanquished Creatures
  Gastronok (D:9)
  Erica (D:9)
  The ghost of ThereIsNoGod the Basher, a novice TrFi of Okawaru (D:7)
  A black mamba (Lair:1)
  4 spiny frogs
  2 komodo dragons (Lair:2)
  A rime drake (Lair:1)
  A hornet (D:9)
  2 blink frogs (Lair:2)
  A hippogriff (Lair:1)
  Sigmund (D:2)
  11 yaks
  4 hogs (D:7)
  A human (D:7)
  7 water moccasins
  An ice beast (D:5)
  12 porcupines
  4 orc warriors (D:9)
  2 black bears
  A phantom (D:9)
  2 ogres (D:9)
  2 centaurs
  4 wolves (Lair:3)
  4 crocodiles
  8 bullfrogs
  A water moccasin skeleton (D:6)
  2 scorpions
  A howler monkey (D:4)
  4 wights (D:6)
  5 crimson imps
  A jelly (D:5)
  5 orc wizards
  A gnoll shaman (D:5)
  5 hounds
  An iguana (D:7)
  4 orc priests
  A human zombie (Ossuary)
  4 hell rats (Lair:1)
  4 worker ants
  3 big kobold zombies (Ossuary)
  A hound zombie (Ossuary)
  4 mummies (Ossuary)
  6 gnolls
  15 river rats (Lair:1)
  2 adders
  2 shadow imps
  10 white imps (Lair:3)
  2 oozes (D:2)
  An adder zombie (D:6)
  2 worms (D:2)
  3 adder skeletons
  5 leopard geckos
  26 orcs
  3 giant cockroaches
  2 gnoll zombies (Ossuary)
  10 goblins
  10 hobgoblins
  14 jackals
  5 kobolds
  7 quokkas
  2 ball pythons
  10 bats
  5 frilled lizards
  A hobgoblin zombie (Ossuary)
  A jackal zombie (Ossuary)
  A kobold zombie (Ossuary)
  A leopard gecko zombie (D:9)
  2 orc zombies (Ossuary)
  A quokka skeleton (D:5)
  17 rats
  3 fungi
  3 plants (D:9)
298 creatures vanquished.

Vanquished Creatures (collateral kills)
  A hydra (Lair:1)
  A spiny frog (Lair:1)
2 creatures vanquished.

Vanquished Creatures (others)
  A leopard gecko (D:8)
  2 plants (D:9)
3 creatures vanquished.

Grand Total: 303 creatures vanquished

Notes
Turn   | Place    | Note
-------+----------+-------------------------------------------
     0 | D:1      | Atash the Minotaur Berserker began the quest for the Orb.
     0 | D:1      | Reached XP level 1. HP: 19/19 MP: 0/0
   151 | D:1      | Reached skill level 4 in Axes
   151 | D:1      | Reached XP level 2. HP: 25/27 MP: 1/1
   604 | D:1      | Reached XP level 3. HP: 30/33 MP: 2/2
   769 | D:2      | Reached ** piety under Trog
   869 | D:2      | Noticed Sigmund
   876 | D:2      | Killed Sigmund
   876 | D:2      | Reached skill level 5 in Axes
   876 | D:2      | Reached XP level 4. HP: 41/41 MP: 3/3
   876 | D:2      | Reached XP level 5. HP: 47/47 MP: 4/4
   946 | D:2      | Reached skill level 5 in Fighting
   946 | D:2      | Reached skill level 6 in Axes
  1615 | D:3      | Reached XP level 6. HP: 26/56 MP: 5/5
  1940 | D:3      | Reached *** piety under Trog
  2050 | D:3      | Found a faded altar of an unknown god.
  2142 | D:3      | Found a burning altar of Makhleb.
  2435 | D:4      | Reached skill level 7 in Axes
  2443 | D:4      | Found a shadowy altar of Dithmenos.
  2921 | D:5      | Entered Level 5 of the Dungeon
  2927 | D:5      | Found a sacrificial altar of Ru.
  2929 | D:5      | Found a deep blue altar of Sif Muna.
  2932 | D:5      | Found a snail-covered altar of Cheibriados.
  3249 | D:5      | Reached skill level 5 in Armour
  3249 | D:5      | Reached XP level 7. HP: 62/62 MP: 6/6
  3304 | D:5      | Found Xefiv's Antique Armour Emporium.
  3445 | D:5      | Found a sand-covered staircase.
  3450 | Ossuary  | Entered an ossuary
  3460 | Ossuary  | Reached **** piety under Trog
  3466 | Ossuary  | Reached skill level 8 in Axes
  4383 | D:6      | Reached XP level 8. HP: 46/71 MP: 7/7
  4706 | D:6      | Found Jeder's Armour Boutique.
  4893 | D:6      | Found a staircase to the Ecumenical Temple.
  4895 | D:6      | Reached skill level 9 in Axes
  5335 | D:7      | Reached skill level 10 in Axes
  5442 | D:7      | Reached XP level 9. HP: 81/81 MP: 8/8
  5603 | D:7      | Found a shimmering altar of Xom.
  5618 | D:7      | Noticed ThereIsNoGod's ghost (novice TrFi)
  5629 | D:7      | Killed ThereIsNoGod's ghost
  5629 | D:7      | Reached skill level 11 in Axes
  6640 | D:8      | Found a stormy altar of Qazlal.
  6835 | D:9      | Reached ***** piety under Trog
  7035 | D:9      | Reached skill level 12 in Axes
  7175 | D:9      | Noticed Gastronok
  7579 | D:9      | Reached XP level 10. HP: 83/91 MP: 9/9
  7730 | D:9      | Found a glowing silver altar of Zin.
  7792 | D:9      | Found a staircase to the Orcish Mines.
  7959 | D:9      | Killed Gastronok
  7959 | D:9      | Reached skill level 10 in Fighting
  7959 | D:9      | Reached skill level 13 in Axes
  8047 | D:9      | Found a staircase to the Lair.
  8122 | D:9      | Noticed Erica
  8127 | D:9      | Killed Erica
  8127 | D:9      | Reached skill level 10 in Armour
  8572 | D:9      | Found Plog's Gadget Shop.
  8683 | Lair:1   | Entered Level 1 of the Lair of Beasts
  8736 | Lair:1   | Reached skill level 14 in Axes
  8742 | Lair:1   | Noticed a black mamba
  8746 | Lair:1   | Killed a black mamba
  8965 | Lair:1   | Reached XP level 11. HP: 101/101 MP: 10/10
  9001 | Lair:1   | Noticed a five-headed hydra
  9016 | Lair:1   | Killed a five-headed hydra
  9104 | Lair:1   | Received a gift from Trog
  9375 | Lair:1   | Received a gift from Trog
  9390 | Lair:1   | Got a pitted broad axe {god gift}
  9391 | Lair:1   | Identified the +6 broad axe of the Crypt {chop, rF+} (Trog gifted it to you on level 1 of the Lair of Beasts)
 10074 | Lair:2   | Reached skill level 15 in Axes
 11109 | Lair:3   | Found a staircase to the Snake Pit.
 11110 | Lair:3   | Found a frozen archway.
 11112 | Lair:3   | Noticed a seven-headed hydra
 11133 | Lair:3   | HP: 5/104 [12-headed hydra (7)]
 11133 | Lair:3   | Slain by a 12-headed hydra

Skill      XL: |  1  2  3  4  5  6  7  8  9 10 11 |
---------------+----------------------------------+-----
Axes           | 4 5 6 7 8 10 12 14 15 | 15.8
Fighting       | 4 5 6 8 9 10 12 | 12.1
Armour         | 4 5 7 8 10 11 | 11.5
Dodging        | |  2.1

Action                   |  1- 3 |  4- 6 |  7- 9 | 10-12 || total
-------------------------+-------+-------+-------+-------++-------
Melee: Hand axe          |    53 |   158 |    88 |       ||   299
       Headbutt          |     7 |    20 |    36 |    47 ||   110
       Battleaxe         |       |       |   116 |   143 ||   259
       Broad axe         |       |       |       |    96 ||    96
Invok: Berserk           |     1 |     1 |     3 |     3 ||     8
       Brothers in Arms  |       |       |       |     2 ||     2
  Use: Scroll            |       |       |     6 |       ||     6
       Potion            |       |       |     1 |       ||     1
 Stab: Sleeping          |       |     1 |       |       ||     1
  Eat: Chunk             |       |     9 |     7 |    10 ||    26
       Bread ration      |       |       |     2 |     1 ||     3
Armor: Animal skin       |     8 |    28 |       |       ||    36
       Ring mail         |       |       |    56 |     3 ||    59
       Plate armour      |       |       |       |   127 ||   127
Dodge: Dodged            |    25 |    76 |    89 |    95 ||   285
